Map: Stasis LE

Players

npolly

  • Race: Protoss Protoss
  • League: Gold
  • Spawn Location: 1:00

Mesrob - Winner!

  • Race: Terran Terran
  • League: Gold
  • Spawn Location: 11:00

VOD

Have the link to the VOD?

Description

Time

  • Played on: Jan. 11, 2019, 8:31 p.m.
  • Length: 15:10
Show
View Real Time Build Order
Export as new Build Order

npolly Protoss 

Build Orders: 1 Gate Expand 

Get SALT Encoding   

  12  0:01  Probe  
  13  0:15  Pylon  
  13  0:18  Probe  
  14  0:33  Gateway  
  14  0:35  Probe  
  15  0:47  Probe  
  16  1:09  Nexus  
  16  1:13  Probe  
  17  1:25  Probe  
  18  1:30  Cybernetics Core  
  18  1:33  Assimilator  
  18  1:37  Probe  
  19  1:49  Gateway  
  19  1:54  Pylon  
  19  1:55  Probe  
  20  2:07  Probe  
  21  2:09  Zealot  
  23  2:19  Probe  
  24  2:24  Assimilator  
  24  2:25  Probe  
  25  2:31  Probe  
  25  2:36  Zealot  
  28  2:48  Gateway  
  28  2:51  Gateway  
  28  2:58  Probe  
  28  2:59  Probe  
  30  3:09  Zealot x2  
  33  3:21  Probe x2  
  33  3:26  Pylon  
  35  3:32  Twilight Council  
  35  3:33  Probe  
  36  3:36  Zealot  
  38  3:45  Probe x2  
  40  3:52  Assimilator  
  40  3:57  Probe x2, Zealot  
  40  3:59  Charge  
  44  4:04  Zealot  
  46  4:12  Probe x2  
  46  4:14  Warp Gate  
  48  4:24  Probe x2  
  48  4:27  Assimilator  
  50  4:32  Stalker x2  
  54  4:40  Pylon  
  54  4:45  Pylon  
  54  4:53  Forge  
  54  4:59  Stalker x2  
  58  5:05  Probe x2  
  60  5:17  Probe  
  60  5:18  Probe  
  62  5:32  Photon Cannon  
  62  5:33  Photon Cannon  
  62  5:36  Probe x2, Photon Cannon  
  62  5:39  Photon Cannon  
  64  5:48  Stalker x2, Probe  
  69  5:55  Probe  
  70  6:05  Pylon  
  70  6:10  Pylon  
  70  6:19  Shield Battery  
  70  6:23  Probe x2, Zealot  
  74  6:34  Zealot x2  
  74  6:35  Probe, Zealot  
  74  6:37  Dark Shrine  
  74  6:39  Protoss Ground Weapons Level 1  
  81  6:55  Zealot x2  
  81  6:58  Nexus  
  81  7:00  Pylon  
  85  7:02  Pylon  
  85  7:13  Pylon  
  85  7:15  Probe  
  86  7:18  Probe  
  83  7:52  Robotics Facility  
  61  8:04  Zealot x3  
  61  8:05  Zealot  
  57  8:06  Pylon  
  57  8:14  Gateway  
  57  8:15  Gateway  
  57  8:22  Robotics Facility  
  57  8:26  Probe x3  
  60  8:29  Zealot x4  
  49  9:01  Immortal  
  49  9:02  Immortal  
  49  9:03  Dark Templar x3  
  49  9:04  Dark Templar  
  45  9:25  Dark Templar x2  
  34  9:44  Dark Templar x2  
  34  9:45  Dark Templar x2  
  22  10:05  Dark Templar x2  
  34  10:08  Dark Templar x2  
  33  10:22  Dark Templar x2  
  33  10:23  Dark Templar  
  26  10:56  Dark Templar x2  
  30  11:32  Nexus  
  30  11:35  Dark Templar x2  
  34  11:56  Nexus  
  30  12:18  Probe  
  31  12:30  Pylon, Probe  
  32  12:41  Dark Templar x2  
  32  12:42  Probe  
  37  12:52  Gateway  
  37  12:54  Gateway  
  37  12:55  Probe  
  34  13:07  Probe  
  35  13:15  Probe x2  
  35  13:19  Probe  
  38  13:27  Probe  
  37  13:52  Probe x3  
  40  14:04  Probe x3  
  37  14:15  Dark Templar  
  37  14:16  Dark Templar x3, Probe x3  
  46  14:28  Probe x2  
  42  14:40  Probe x2  
  44  14:46  Dark Templar x2  
  44  14:52  Probe  
  49  14:53  Assimilator, Probe  
Show
View Real Time Build Order
Export as new Build Order

Mesrob Terran - Winner!

Build Orders: Mech 

Get SALT Encoding   

  12  0:00  SCV  
  13  0:13  SCV  
  14  0:19  Supply Depot  
  14  0:25  SCV  
  15  0:40  SCV  
  15  0:41  Barracks  
  16  0:48  Refinery  
  16  0:52  SCV  
  17  1:04  SCV  
  18  1:16  SCV  
  19  1:29  Orbital Command  
  19  1:42  Marine  
  19  1:44  Command Center  
  20  1:57  Bunker  
  20  2:03  SCV  
  21  2:12  Factory  
  21  2:15  SCV  
  22  2:21  Barracks Tech Lab  
  22  2:27  SCV  
  23  2:38  Supply Depot  
  23  2:52  Refinery  
  23  2:56  SCV  
  24  3:00  Supply Depot  
  24  3:08  Siege Tank, SCV  
  28  3:13  Orbital Command  
  28  3:16  Marine  
  29  3:20  SCV  
  29  3:24  Supply Depot  
  30  3:32  SCV  
  31  3:38  Engineering Bay  
  31  3:40  Siege Tank  
  34  3:44  SCV  
  34  3:47  Supply Depot  
  35  3:52  Armory  
  35  4:15  Missile Turret  
  35  4:16  Missile Turret  
  35  4:26  Siege Tank  
  39  4:31  SCV x2  
  39  4:38  Missile Turret  
  40  4:43  Supply Depot, SCV x2  
  42  4:55  SCV x2  
  42  4:56  Refinery  
  44  5:03  Missile Turret  
  44  5:06  Supply Depot  
  44  5:07  SCV  
  44  5:08  Thor  
  44  5:11  Marine  
  52  5:17  SCV  
  52  5:19  SCV  
  54  5:24  Factory, Missile Turret  
  54  5:28  Terran Vehicle Weapons Level 1  
  54  5:29  SCV  
  54  5:32  Supply Depot  
  55  5:36  SCV  
  55  5:41  SCV  
  57  5:45  Refinery  
  57  5:46  Missile Turret  
  57  5:48  SCV  
  58  5:58  Thor  
  64  6:08  Supply Depot  
  64  6:13  Factory, Factory Reactor  
  64  6:30  SCV x2  
  66  6:42  SCV  
  66  6:45  Supply Depot  
  67  6:47  Thor  
  67  6:51  Hellbat x2  
  77  6:58  Factory Tech Lab  
  77  7:03  Command Center  
  77  7:12  Hellbat x2  
  81  7:24  Thor  
  87  7:30  Thor  
  87  7:31  Terran Vehicle And Ship Armor Level 1  
  93  7:40  Armory  
  93  7:43  SCV x2  
  95  7:55  SCV  
  91  8:07  Thor  
  91  8:09  Hellbat x2  
  101  8:13  Thor  
  107  8:27  Supply Depot  
  104  8:49  Supply Depot  
  104  9:10  Thor x2  
  104  9:12  Hellbat x2  
  108  9:25  Refinery  
  108  9:33  Hellbat x2  
  100  9:47  Refinery  
  90  9:53  Thor  
  90  10:31  SCV  
  90  10:32  SCV x2  
  84  10:43  SCV  
  84  10:44  SCV  
  57  11:13  Thor x2  
  57  11:14  Missile Turret  
  57  11:15  Hellbat x2  
  57  11:16  Missile Turret  
  73  11:19  Starport  
  73  11:24  Marine  
  74  11:35  Missile Turret  
  74  11:41  Planetary Fortress  
  74  11:42  Missile Turret  
  74  11:52  Marine  
  75  11:55  Hellbat x2  
  75  11:56  Thor x2  
  83  12:10  Marine  
  81  12:16  Hellbat, SCV  
  81  12:17  Hellbat  
  81  12:18  SCV x2  
  88  12:36  Starport Tech Lab  
  88  12:38  Hellbat x2, Thor  
  88  12:39  Thor  
  104  12:52  Missile Turret  
  104  12:56  Marine  
  105  12:59  Hellbat x2  
  109  13:12  Missile Turret, Raven  
  111  13:13  Marine  
  111  13:20  Hellbat  
  111  13:21  Hellbat, Thor  
  111  13:22  Thor  
  126  13:31  Marine  
  126  13:32  Missile Turret  
  127  13:42  Hellbat x2  
  131  13:49  Marine  
  131  13:53  Missile Turret  
  131  13:55  Raven  
  130  14:03  Hellbat  
  130  14:04  Hellbat, Thor x2  
  130  14:07  Marine  
  138  14:27  Hellbat  
  140  14:34  Supply Depot  
  140  14:36  Supply Depot  
  140  14:40  Hellbat  
  148  14:56  Supply Depot  
  156  15:01  Supply Depot  
Tags
 
Composition
Mech
League
GoldGold
Matchup
PvT
Replay Pack
sc2 replays
Spawn Locations
Close Positions
Add a new tag
Caveats
  • Supply blocks, unpowered buildings, or Contaminate may cause inaccurate times.
  • Supply counts are checked every 10 seconds.